Cogmind - Beta 14 @@@ ROGUE MODE // 2024.09.04 @ 23:34:04 Player: Mallow Result: Destroyed by Autobeam Turret with Autobeam Performance ------------- Evolutions (0) 0 Regions Visited (3) 600 Robots Destroyed (18) 90 Value Destroyed (274) 274 Prototype IDs (0) 0 Alien Tech Used (0) 0 Bonus (-13) -13 TOTAL SCORE: 951 Bonus ------- Follower Combat Kills 14 Friendly Fire -27 Cogmind --------- Core Integrity 0/250 Matter 300/300 Energy 249/250 System Corruption 0% Temperature Cool (6) Movement Core (300) Ox5 Location -10/Subcaves Parts ------- > --- POWER (1) -------- Ion Engine > --- PROPULSION (2) --- (None) > --- UTILITY (2) ------ Small Storage Unit Terrain Scanner > --- WEAPON (2) ------- Assault Rifle Makeshift Hammer > --- INVENTORY (8) ---- Large Storage Unit Large Storage Unit Structural Scanner Sensor Drone Bay Light Assault Rifle Light Assault Rifle Peak State ------------ > --- POWER ------------ Ion Engine > --- PROPULSION ------- Light Treads > --- UTILITY ---------- Small Storage Unit Terrain Scanner > --- WEAPON ----------- Assault Rifle Makeshift Hammer > --- INVENTORY -------- Large Storage Unit Large Storage Unit Structural Scanner Sensor Drone Bay Light Assault Rifle Light Assault Rifle [Rating: 10] Favorites ----------- Power Ion Engine Engine Ion Engine Propulsion Light Treads Treads Light Treads Utility Small Storage Unit Device Terrain Scanner Storage Small Storage Unit Weapon Assault Rifle Ballistic Gun Assault Rifle Launcher Grenade Launcher Impact Weapon Makeshift Hammer Build | -11 -10 -10 -10 ------- Run | Yrd Mat Min Sub Slots Evolved . | . . . . Power . | . . . . Propulsion . | . . . . Utility . | . . . . Weapon . | . . . . Parts Attached 14 | 6 7 1 . Power 2 | 1 1 . . Engine 2 | 1 1 . . Core . | . . . . Reactor . | . . . . Propulsion 2 | 2 . . . Treads 2 | 2 . . . Leg . | . . . . Wheel . | . . . . Hover . | . . . . Flight . | . . . . Utility 5 | 1 4 . . Device 1 | . 1 . . Storage 4 | 1 3 . . Processor . | . . . . Hackware . | . . . . Protection . | . . . . Artifact . | . . . . Weapon 5 | 2 2 1 . Energy Gun . | . . . . Energy Cannon . | . . . . Ballistic Gun 3 | 2 1 . . Ballistic Cannon . | . . . . Launcher 1 | . 1 . . Special Weapon . | . . . . Impact Weapon 1 | . . 1 . Slashing Weapon . | . . . . Piercing Weapon . | . . . . Special Melee Weapon . | . . . . Unidentified Prototypes . | . . . . Parts Lost 4 | . 3 . 1 Power 1 | . 1 . . Propulsion 2 | . 1 . 1 Utility . | . . . . Weapon 1 | . 1 . . Highest Loss Streak 3 | . 3 . 1 To Critical Strikes . | . . . . Average Slot Usage (%) 83 | . 80 85 84 Engine 14 | . 14 14 14 Treads 16 | . 23 14 13 Device 11 | . 2 14 14 Storage 14 | . 14 14 14 Ballistic Gun 18 | . 14 20 14 Launcher 2 | . 9 . . Impact Weapon 6 | . . 7 14 Peak Build Rating 10 | 6 6 10 10 Average Rating 7 | 4 5 7 9 On Entrance 5 | . 6 6 10 Naked Turns . | . . . . Heaviest Build 30 | 13 30 16 16 Greatest Support 40 | 40 40 20 20 Greatest Overweight (x) 5 | . . . 5 Average Overweight (x) . | . . . . Largest Inventory Capacity 15 | 8 15 8 8 Average Capacity 9 | 7 12 8 8 Most Carried 6 | 5 5 6 6 Average Carried 4 | 1 3 4 6 Final Capacity 8 | 8 8 8 8 Final Carried 6 | 1 3 6 6 Class Distribution -------------------- 100% | Mutant Dominant Class ---------------- Mutant | -10/Materials Mutant | -10/Mines Mutant | -10/Subcaves Resources | -11 -10 -10 -10 ----------- Run | Yrd Mat Min Sub Matter Collected 502 | 244 78 63 117 Remotely . | . . . . Salvage Created 272 | . 159 88 25 Parts 23 | . 16 2 5 Haulers Intercepted . | . . . . Recyclers Shooed 1 | . 1 . . Parts Field Recycled . | . . . . Retrieved Matter . | . . . . Parts Self-Destructed 8 | . . . 8 Prevented . | . . . . Kills | -11 -10 -10 -10 ------- Run | Yrd Mat Min Sub Combat Hostiles Destroyed 11 | . 9 . 2 Guns 6 | . 4 . 2 AOE 5 | . 5 . . Classes Destroyed 5 | . 4 1 . Worker 2 | . 2 . . Builder 4 | . 1 3 . Tunneler 1 | . . 1 . Swarmer 8 | . 6 . 2 Grunt 3 | . 3 . . Best Kill Streak 4 | . 4 2 2 Combat Bots Only 3 | . 3 . 2 Max Kills in Single Turn 2 | . 2 1 1 Gunslinging . | . . . . Exploded 2 | . 2 . . Melee . | . . . . Uniques/NPCs Destroyed . | . . . . Combat | -11 -10 -10 -10 -------- Run | Yrd Mat Min Sub Hostile Shots Fired 51 | . 38 . 13 Missed 12 | . 7 . 5 Damage Taken 756 | . 691 . 65 Core 251 | . 227 . 24 Absorbed by Shields . | . . . . Core Remaining (%) 100 | 100 . . . Volleys Fired 41 | . 32 . 9 Largest 2 | . 2 . 1 Hottest 50 | . 50 . 20 Shots Fired 45 | . 36 . 9 Gun 39 | . 30 . 9 Cannon . | . . . . Launcher 6 | . 6 . . Special . | . . . . Kinetic 39 | . 30 . 9 Thermal . | . . . . Explosive 6 | . 6 . . Electromagnetic . | . . . . Robot Hit Streak 5 | . 5 . 2 Robot Miss Streak 3 | . 2 . 3 Penetration Max . | . . . . Secondary Targets . | . . . . Shots Hit Robots 31 | . 24 4 3 Core Hits 21 | . 16 1 4 Critical Kills . | . . . . Critical Parts Destroyed . | . . . . Critical Strikes . | . . . . Melee Attacks 4 | . . 4 . Impact 4 | . . 4 . Slashing . | . . . . Piercing . | . . . . Sneak Attacks 4 | . . 4 . Combat Hostiles . | . . . . Follow-up Attacks . | . . . . Damage Inflicted 1364 | . 836 459 69 Guns 305 | . 236 . 69 Cannons . | . . . . Explosions 598 | . 598 . . Melee 459 | . . 459 . Ramming 2 | . 2 . . Kinetic 305 | . 236 . 69 Thermal 198 | . 198 . . Explosive 400 | . 400 . . Electromagnetic . | . . . . Impact 459 | . . 459 . Slashing . | . . . . Piercing . | . . . . Highest Corruption . | . . . . Average Corruption . | . . . . Corruption Purged . | . . . . Corruption Blocked . | . . . . Overload Shots . | . . . . Overflow Damage 358 | . 107 251 . Projectiles . | . . . . Explosions 107 | . 107 . . Melee 251 | . . 251 . Knockbacks 1 | . . 1 . Impact 1 | . . 1 . Kinetic . | . . . . Secondary . | . . . . Self-Inflicted Damage 344 | . 344 . . Shots 6 | . 6 . . Rammed . | . . . . Targets Rammed 1 | . 1 . . Kicked . | . . . . Crushed 1 | . 1 . . Highest Temperature 59 | . 59 . . Average Temperature 26 | . 26 . . Received Heat Transfer 192 | . 168 . 24 Siege Activations . | . . . . Robots Corrupted 2 | . . 2 . Combat Hostiles . | . . . . Parts Fried 4 | . . 4 . Impact Corruptions 7 | . . 7 . Robots Melted . | . . . . Combat Hostiles . | . . . . Parts Melted . | . . . . Heat Transferred 150 | . 150 . . Parts Sabotaged . | . . . . Parts Stolen . | . . . . Parts Stripped . | . . . . Power Chain Reactions . | . . . . Alert | -11 -10 -10 -10 ------- Run | Yrd Mat Min Sub Peak Influence 335 | . 335 130 . Initial 130 | . . 130 . Average 43 | . 107 23 . Maximum Alert Level 1 | . 1 . . Low Security (%) 92 | 100 70 100 . Level 1 7 | . 29 . . Level 2 . | . . . . Level 3 . | . . . . Level 4 . | . . . . Level 5 . | . . . . High Security . | . . . . Max Security . | . . . . Squads Dispatched 1 | . 1 . . Investigation . | . . . . Extermination . | . . . . Reinforcement 1 | . 1 . . Assault . | . . . . Garrison . | . . . . Intercept . | . . . . Searches Triggered . | . . . . Construction Impeded . | . . . . Haulers Reinforced . | . . . . Active Scanning Responses . | . . . . Cargo Convoy Interrupts . | . . . . Stealth | -11 -10 -10 -10 --------- Run | Yrd Mat Min Sub Distress Signals 1 | . 1 . . Communications Jammed . | . . . . Distress Signals . | . . . . Times Spotted 22 | . 16 . 6 Peak Tracking Total 5 | . 5 . 4 Tactical Retreats 2 | . . . 2 Traps | -11 -10 -10 -10 ------- Run | Yrd Mat Min Sub Traps Triggered 1 | . 1 . . Indirectly . | . . . . Trap Hack Attempts . | . . . . Triggered . | . . . . Disarmed . | . . . . Reprogrammed . | . . . . Reused . | . . . . Traps Extracted . | . . . . Installed . | . . . . Triggered 1 | . . . 1 Machines | -11 -10 -10 -10 ---------- Run | Yrd Mat Min Sub Machines Disabled 6 | . 5 . 1 Max in Single Turn 4 | . 4 . . Machines Repaired . | . . . . Machines Dismantled . | . . . . Machines Sabotaged . | . . . . Overloaded Fab Kills . | . . . . Hacking | -11 -10 -10 -10 --------- Run | Yrd Mat Min Sub Machines Accessed 4 | . 3 1 . Terminals 3 | . 3 . . Fabricators . | . . . . Repair Stations . | . . . . Recycling Units . | . . . . Scanalyzers . | . . . . Garrison Access . | . . . . Total Hacks 4 | . 3 1 . Successful 1 | . . 1 . Failed 3 | . 3 . . Catastrophic 2 | . 2 . . Database Lockouts . | . . . . Manual 3 | . 3 . . Terminals 3 | . 3 . . Fabricators . | . . . . Repair Stations . | . . . . Recycling Units . | . . . . Scanalyzers . | . . . . Garrison Access . | . . . . Terminal Hacks 1 | . . 1 . Open Door 1 | . . 1 . Fabricator Hacks . | . . . . Repair Station Hacks . | . . . . Recycling Unit Hacks . | . . . . Scanalyzer . | . . . . Garrison Access Hacks . | . . . . Unauthorized Hacks . | . . . . Terminals . | . . . . Fabricators . | . . . . Repair Stations . | . . . . Recycling Units . | . . . . Scanalyzers . | . . . . Garrison Access . | . . . . Data Cores Recovered . | . . . . Used . | . . . . Hacking Detections 3 | . 3 . . Full Trace Events . | . . . . Feedback Events . | . . . . Feedback Blocked . | . . . . Robot Schematics Acquired . | . . . . Robots Built . | . . . . Authchips . | . . . . Time . | . . . . Total Robot Build Rating . | . . . . Part Schematics Acquired . | . . . . Parts Built . | . . . . Authchips . | . . . . Time . | . . . . Total Part Build Rating . | . . . . Parts Repaired . | . . . . Time . | . . . . Parts Recycled . | . . . . Recycled Matter . | . . . . Retrieved Matter . | . . . . Retrieved Components . | . . . . Parts Scanalyzed . | . . . . Part Schematics Acquired . | . . . . Parts Damaged . | . . . . Bothacking | -11 -10 -10 -10 ------------ Run | Yrd Mat Min Sub Used RIF Installer . | . . . . Robots Hacked . | . . . . Non-combat . | . . . . Combat . | . . . . Robot Hacks Applied . | . . . . Relay Couplers Released . | . . . . Fabnet Peak Effective % . | . . . . Robots Rewired . | . . . . Allies Hacked . | . . . . Hacks Repelled . | . . . . Allies | -11 -10 -10 -10 -------- Run | Yrd Mat Min Sub Total Allies 5 | . . 5 . Largest Group 5 | . . 5 5 Highest-Rated Group 79 | . . 79 79 Highest-Rated Ally 31 | . . 31 31 Total Orders . | . . . . Ally Attacks 23 | . . . 23 Total Damage 183 | . . . 183 Kills 3 | . . . 3 Allies Corrupted . | . . . . Allies Melted . | . . . . Intel | -11 -10 -10 -10 ------- Run | Yrd Mat Min Sub Robot Analysis Total . | . . . . Derelict Logs Recovered 2 | . . 2 . Drone Launches . | . . . . Drone Recoveries . | . . . . Exploration | -11 -10 -10 -10 ------------- Run | Yrd Mat Min Sub Turns Passed 3347 | 65 762 2313 207 Spaces Moved 1754 | 43 412 1182 117 Core 17 | 14 . . 3 Treads 1737 | 29 412 1182 114 Legs . | . . . . Wheels . | . . . . Hover . | . . . . Flight . | . . . . Fastest Speed 50 | 50 160 160 160 Average Speed 159 | 124 160 160 163 Slowest Speed 300 | 160 160 160 300 Overloaded Moves . | . . . . Propulsion Burnouts . | . . . . Robots Hopped . | . . . . Cave-ins Triggered . | . . . . Exploration Rate (%) 43 | 4 63 98 10 Regions Visited 3 Branch Regions 2 Pre-discovered Areas 1 | . . 1 . Known Exits Taken . | . . . . Unknown Exits Taken 3 | 1 1 1 . Scrap Searched . | . . . . Spaces Dug . | . . . . Terrain Destroyed 78 | . 78 . . Melee . | . . . . Projectile . | . . . . AOE 78 | . 78 . . Terrain Rammed . | . . . . Walls Destroyed . | . . . . Machines Disabled . | . . . . Actions | -11 -10 -10 -10 --------- Run | Yrd Mat Min Sub Total 2258 | 55 477 1600 126 Wait 430 | . 20 410 . Move 1751 | 42 411 1181 117 Hop . | . . . . Pick Up 15 | 7 5 3 . Fast Attach . | . . . . Attach 11 | 6 4 1 . Detach 2 | . 1 1 . Swap 3 | . 3 . . Drop . | . . . . Fire 41 | . 32 . 9 Melee 4 | . . 4 . Ram . | . . . . Kick . | . . . . Crush 1 | . 1 . . Escape Stasis . | . . . . Rewire . | . . . . Trap . | . . . . Miscellaneous . | . . . . Route ------- -11/Scrapyard -10/Materials (discovered 2 exits: [*Mat] / *Min) -10/Mines (discovered 3 exits: [*Mat x2] / [*Sub]) -10/Subcaves (discovered 2 exits: [*Mat] / [*Rec]) History --------- Turn | Location | Event 24 | -11/Scrapyard | Discovered new exit (range 16) 66 | -11/Scrapyard | Entered Materials 308 | -10/Materials | Build established: Mutant 604 | -10/Materials | Core integrity fell below 50% 606 | -10/Materials | Core integrity fell below 20% 634 | -10/Materials | Lost 3 parts (1p1n1w) 688 | -10/Materials | Discovered new exit (range 7) 797 | -10/Materials | Discovered new exit (range 16) 828 | -10/Materials | Entered Mines 884 | -10/Mines | Discovered new exit (range 6) 993 | -10/Mines | Discovered new exit (range 12) 1003 | -10/Mines | Learned Materials emergency access door positions 1149 | -10/Mines | Discovered new exit (range 4) 1760 | -10/Mines | Learned location of Zion (-6) 1828 | -10/Mines | A weapon hastily lodged in a ceiling crevice suddenly fell to the ground 2313 | -10/Mines | Assisted by bots powering up and referring to "LRC-V3" 2757 | -10/Mines | Found the Drone Emporium 2764 | -10/Mines | Found Prototype Device 3141 | -10/Mines | Entered Subcaves 3141 | -10/Subcaves | Accompanied by 5 allies 3153 | -10/Subcaves | Led the pair of lost Derelicts to an unsafe place 3338 | -10/Subcaves | Discovered new exit (range 11) 3345 | -10/Subcaves | Discovered new exit (range 10) 3348 | -10/Subcaves | Destroyed by Autobeam Turret with Autobeam Last Messages --------------- S-10 Pest destroyed. Subatomizers dissect the Lgt. Assault Rifle. S-10 Pest destroyed. Flight Unit fries itself beyond repair. Acquired 10 matter. Flight Unit fries itself beyond repair. Lgt. Assault Rifle fries itself beyond repair. Lgt. Ion Engine fries itself beyond repair. Acquired 8 matter. Flight Unit fries itself beyond repair. Lgt. Ion Engine fries itself beyond repair. Lgt. Treads destroyed. Acquired 3 matter. EXIT=FOUND N4-E81(g) destroyed. Subatomizers dissect the Carbon-fiber Leg. Autobeam Turret destroyed. EXIT=FOUND Machine disabled. Acquired 6 matter. Map ----- +----------------------------------------------------+ | ?????????????????????????????????????????????????? | | ?????????????????????????????????????????????????? | | ?????????????????????????????????????????????????? | | ?????????????????????????????????????????????????? | | ?????????????????????????????????????????????????? | | ?????????????????#???????????????????????????????? | | ???????????????????#?????????#???????????????????? | | ?????????????????????????????????????????????????? | | #???????#???###??#####???????????????????????????? | | ?????#??????# ##?# ##?#????????????????????????? | | ????#####?### ### ##?????????????????????????? | | ?#### ###% ### #??##?????????????????????? | | ## ##%% ##?# ?????????????????????? | | # ##### ??###?????????????????? | | # #### % ##??# ? ??????????????????? | | % ##??## ?< #??????????????????? | | % %####### #? #??????????????????? | | # # ## % ### #? ## #???????????????????? | | # ### ## %#?% # ####????????????????? | | # #?# %%### % # ##???????????????? | | #### ##% ## # # #???????????????? | | #?# ### ## ## #???????????????? | | ##### ### % %% !% %#????????????????? | | ## ##???# ## % % g% #?????????????????? | | #####????## #### %#### g ##?????????????????? | | ??????????# #??## #??##@g ##??????????????????? | | ?????????## ###?###???#= %##???????????????????? | | ??#???#??# % ###???"? % "??????????????????? | | ????#????# ##????% % #?????????????????? | | ?????????# ## ##???? % #?????????????????? | | ???????## ### #????? [t "#?????????????????? | | ??????## ### ##????" "%" #?????????????????? | | ??????# ### #????#"""" " ""#?????????????????? | | ???#??# ?# #?#??#####<#####?????????????????? | | ??????###?# #?????????##?????????????????????? | | ????????#?## ##??#????????????????????????????? | | ??????????## ##???#??? ?????????????????????? | | ???????#### #?#?????????????????????????????? | | ??????## ##??????????????????????????????? | | ??????# ##?????????????????????????????? | | #???#?# #?????????????????????????????? | | ??????## ## #????????????????????????????? | | ???????## ### ##????????????????????????????? | | ??????#?## #### #?????????????????????????????? | | ??#?????# #??? ????????????????????????????? | | ######### # #? ???????????????????????????? | | # # # ?????????????????????????? | | # # # ###?????????????????????????? | | # ## ##???????????????????????????? | | ## # ## ##??##????????????????????????????? | +----------------------------------------------------+ Best States ------------- Heat Dissipation 25 Energy Generation 10 Energy Capacity 250 Matter Stores 300 Matter Capacity 300 Sight Range 16 Terrain Scan Range 14 Terrain Scan Density 10 Evasion (%) 50 Recoil Reduction 2 Item Schematics ----------------- None Robot Schematics ------------------ None Fabricated ------------ Nothing Alien Tech Used ----------------- None Achievements -------------- None Challenges ------------ None Game ------ Seed CompanionMagneticTendrils Manual? 0 Play Time 00:13:23 Cumulative 17.3 hours Start 2024.09.04 @ 23:18:41 End 2024.09.04 @ 23:34:04 Sessions 1 Manual Loads 0 Difficulty Rogue Special Mode None Game No. 35 Rogue 35 Adventurer 0 Explorer 0 Win Type - Total 0 Types 0/0/0/0/0/0/0/0/0 Lore% 10 Gallery% 24 Achievement% 17 Wizard Run 0 Options --------- Layout 0 ASCII 0 Keyboard 0 Movement Arrows Keybinds 0 Fullscreen 2 Font 24/Smallcaps Map View 56x25 Zoom Use 50% Tactical HUD 0 Map Filters NONE Filters NONE Steam 1 RUN: 2a43522a-a1cf-4d40-b355-16938d4c4304